 Dungeon Sprint DCSS version 0.22.1-6-g1668fe2 (webtiles) character file.

5169 doot the Ripper (level 10, -4/54 HPs)
             Began as a Felid Berserker on Jan 24, 2019.
             Was a High Priest of Trog.
             Slain by a golden dragon (8 damage)
             ... in the Dungeon (Sprint II: "The Violet Keep of Menkaure").
             The game lasted 00:06:45 (1623 turns).

doot the Ripper (Felid Berserker)                   Turns: 1623, Time: 00:06:47

Health: -4/54      AC:  2    Str: 16    XL:     10   Next: 34%
Magic:  11/11      EV: 31    Int: 10    God:    Trog [*****.]
Gold:   1225       SH:  0    Dex: 15    Spells: 9/9 levels left
                                        Lives:  0   Deaths: 3

rFire    . . .     SeeInvis +     - Unarmed
rCold    . . .     Gourm    .   (shield unavailable)
rNeg     . . .     Faith    .   (armour unavailable)
rPois    .         Spirit   .   (helmet unavailable)
rElec    .         Reflect  .   (cloak unavailable)
rCorr    .         Harm     .   (gloves unavailable)
MR       +....     Rnd*Rage +   (boots unavailable) Stlth ++++++....NoTele +
                                (no amulet)
HPRegen  0.18/turn              (no ring)
MPRegen  0.12/turn              (no ring)

@: berserk cooldown, slowed, slow
A: very small, no armour, no weapons or thrown items, stealth, claws 1, fangs 3,
see invisible, berserk 1, carnivore, speed 1, mutation resistance 1, shaggy fur
2, slow metabolism 1, sharp paws
a: Berserk, Trog's Hand, Brothers in Arms, Renounce Religion


You were in the Dungeon.
You worshipped Trog.
Trog was extremely pleased with you.
You were hungry.

You visited 1 branch You collected 1225 gold pieces.

Inventory:

Scrolls
 g - a scroll of blinking
Potions
 b - a potion of curing
 c - a potion of heal wounds
 d - a potion of haste
 e - 2 potions of magic
 f - a potion of berserk rage
 i - a potion of mutation {unknown}
 j - 3 potions of flight {unknown}
Comestibles
 a - a ration


   Skills:
 + Level 12.6 Fighting
 + Level 15.8 Dodging
 + Level 14.0 Stealth
 + Level 18.2 Unarmed Combat


You had 9 spell levels left.
You didn't know any spells.
Your spell library was empty.

Dungeon Overview and Level Annotations

Branches:
Dungeon (1/1)

Altars:

Shops:
D :=:[?[(*?}(!%=!(

Annotations:
D exclusion: oklob plant


Innate Abilities, Weirdness & Mutations

You cannot wear armour.
You are incapable of wielding weapons or throwing items.
Your paws allow you to move quietly. (Stealth)
You have sharp claws.
You have razor-sharp teeth.
You have supernaturally acute eyesight. (SInv)
You are carnivorous and can eat meat at any time.
You cover ground quickly.
You are covered in thick fur. (AC +2)
You have a slow metabolism.
Your sharp claws are effective at attacking unaware monsters.
You tend to lose your temper in combat.
You are somewhat resistant to further mutation.


Message History

You claw the golden dragon!
The golden dragon is lightly wounded.
The golden dragon misses you. The golden dragon closely misses you.
The golden dragon tramples you.
You hold your ground!
Your stone giant completely misses the golden dragon.
You completely miss the golden dragon.
The golden dragon is lightly wounded.
Your stone giant hits the golden dragon!!
The golden dragon barely misses you. The golden dragon claws you!
* * * LOW HITPOINT WARNING * * *
The golden dragon tramples you but does no damage.
Your stone giant barely misses the golden dragon.
You mangle the golden dragon!!
The golden dragon is heavily wounded.
Your stone giant hits the golden dragon!
The golden dragon bites you.
* * * LOW HITPOINT WARNING * * *
The golden dragon completely misses you.
The golden dragon tramples you!
You die...

.)###§≈≈§≈§§≈≈##
#..+§§§≈≈8≈§§≈§#
.####≈≈§§§§§§§ D§.≈##
§§§§≈§ ###≈≈#+++#§''##
##≈≈≈.........#
.#≈(≈≈.##'##..#
∩#≈(≈≈##.#)##.####
.#≈≈≈≈#..#..#.(D@#
∩#≈≈#####)#####)C##
.#D##.###+###.##..#
.#D#(#.##(##..##..#
.'≈+###+.<.+.##'..#
.#≈#)#.##.##.#.#....#
##≈##.###'###)##......≈
##≈≈####...####≈≈.....≈#
##≈≈≈#.)#..# ≈§≈§≈.D≈#


You could see a golden dragon and a friendly stone giant (berserk).

Vanquished Creatures
  Kirke (D)
  A cacodemon (D)
  An ice dragon (D)
  A yaktaur captain (D)
  A centaur warrior (D)
  A hell hog (D)
  A death yak (D)
  A skeletal warrior (D)
  2 unseen horrors (D)
  An elephant (D)
  A merfolk siren (D)
  A kobold demonologist (D)
  2 hippogriffs (D)
  3 yaks (D)
  4 neqoxecs (D)
  Menkaure (D)
  A necrophage (D)
  A crocodile (D)
  A scorpion (D)
  An iron imp (D)
  4 worker ants (D)
31 creatures vanquished.

Vanquished Creatures (collateral kills)
  A frost giant (D)
1 creature vanquished.

Grand Total: 32 creatures vanquished

Notes
Turn   | Place    | Note
-------+----------+-------------------------------------------
     0 | D        | doot the Felid Berserker began the quest for the Orb.
     0 | D        | Reached XP level 1. HP: 10/10 MP: 2/2
     1 | D        | Noticed a neqoxec
     1 | D        | Noticed a neqoxec
     1 | D        | Noticed a neqoxec
     1 | D        | Noticed a neqoxec
     3 | D        | Noticed an iron imp
     3 | D        | Noticed an iron imp
     5 | D        | Noticed a crimson imp
     7 | D        | Noticed a quasit
     8 | D        | Killed a neqoxec
     8 | D        | Reached skill level 6 in Unarmed Combat
     8 | D        | Reached XP level 2. HP: 17/17 MP: 3/3
     8 | D        | Reached XP level 3. HP: 21/21 MP: 4/4
     8 | D        | Reached XP level 4. HP: 24/24 MP: 5/5
    14 | D        | Killed a neqoxec
    14 | D        | Reached ** piety under Trog
    14 | D        | Reached skill level 8 in Unarmed Combat
    14 | D        | Reached XP level 5. HP: 29/29 MP: 6/6
    14 | D        | Gained mutation: You tend to lose your temper in combat. [a
                  | neqoxec]
    23 | D        | Killed a neqoxec
    23 | D        | Reached skill level 10 in Dodging
    23 | D        | Reached skill level 9 in Unarmed Combat
    23 | D        | Gained mutation: You are covered in thick fur. (AC +2)
                  | [Felid growth]
    23 | D        | Reached XP level 6. HP: 4/34 MP: 7/7
    23 | D        | Gained mutation: You are somewhat resistant to further
                  | mutation. [a neqoxec]
    27 | D        | Slain by a neqoxec
    28 | D        | Reached XP level 5. HP: -1/30 MP: 6/6
    37 | D        | Killed a neqoxec
    37 | D        | Reached XP level 6. HP: 34/34 MP: 7/7
    60 | D        | Reached skill level 10 in Unarmed Combat
    64 | D        | Reached *** piety under Trog
    96 | D        | Noticed a merfolk siren
    99 | D        | Killed a merfolk siren
    99 | D        | Reached skill level 10 in Fighting
    99 | D        | Reached skill level 11 in Unarmed Combat
    99 | D        | Reached XP level 7. HP: 39/39 MP: 8/8
   119 | D        | Reached **** piety under Trog
   155 | D        | Noticed a hippogriff
   155 | D        | Noticed a hippogriff
   160 | D        | Killed a hippogriff
   165 | D        | Killed a hippogriff
   165 | D        | Reached XP level 8. HP: 35/43 MP: 9/9
   307 | D        | Found Yschub's Jewellery Shop.
   307 | D        | Found Rygac's Gadget Boutique.
   307 | D        | Found Xareidaulo's Weapon Shop.
   307 | D        | Found Qurumyurch's Weapon Boutique.
   307 | D        | Found Zydyasay's Food Boutique.
   307 | D        | Found Lylanyog's Distillery.
   308 | D        | Found Wiupp's Distillery.
   308 | D        | Found Alaqu's Magic Scroll Boutique.
   308 | D        | Found Asmib's Assorted Antiques.
   309 | D        | Found Qovvuk's Antique Weapon Shop.
   309 | D        | Found Taadde Coum's Antique Armour Boutique.
   311 | D        | Found Fofughaq's Magic Scroll Boutique.
   311 | D        | Found Monnool's Antique Armour Shop.
   311 | D        | Noticed Menkaure
   311 | D        | Noticed an oklob plant
   324 | D        | Noticed an orange crystal statue
   330 | D        | Killed Menkaure
   330 | D        | Reached ***** piety under Trog
   330 | D        | Reached skill level 12 in Unarmed Combat
   338 | D        | Found Camedenk's Jewellery Shop.
   338 | D        | Found Toboenack's Book Boutique.
   338 | D        | Found Weannuh's Book Shoppe.
   368 | D        | Noticed a shining eye
   410 | D        | Noticed Kirke
   410 | D        | Noticed a skeletal warrior
   414 | D        | Noticed a centaur warrior
   428 | D        | Killed Kirke
   428 | D        | Reached skill level 5 in Stealth
   441 | D        | Killed a skeletal warrior
   441 | D        | Reached skill level 13 in Unarmed Combat
   441 | D        | Reached XP level 9. HP: 22/48 MP: 10/10
   441 | D        | Noticed an elephant
   510 | D        | Killed a centaur warrior
   510 | D        | Reached skill level 14 in Unarmed Combat
   511 | D        | Noticed a yaktaur captain
   519 | D        | Shot with a bolt by a yaktaur captain
   520 | D        | Reached XP level 8. HP: -24/45 MP: 9/9
   523 | D        | Noticed a kobold demonologist
   526 | D        | Killed a kobold demonologist
   548 | D        | Killed a yaktaur captain
   548 | D        | Reached skill level 15 in Unarmed Combat
   548 | D        | Reached XP level 9. HP: 28/49 MP: 10/10
   562 | D        | Noticed a death yak
   573 | D        | Killed an elephant
   573 | D        | Reached skill level 15 in Dodging
   575 | D        | Killed a death yak
   575 | D        | Reached ****** piety under Trog
   694 | D        | Reached skill level 10 in Stealth
   694 | D        | Reached skill level 16 in Unarmed Combat
   711 | D        | Reached XP level 10. HP: 43/54 MP: 11/11
   774 | D        | Noticed an unseen horror
   774 | D        | Noticed a hell hog
   775 | D        | Noticed an unseen horror
   775 | D        | Noticed a hell hog
   775 | D        | Noticed an ice dragon
   776 | D        | Killed an ice dragon
   780 | D        | Killed an unseen horror
  1062 | D        | Killed an unseen horror
  1062 | D        | Reached skill level 17 in Unarmed Combat
  1162 | D        | Killed from afar by a hell hog
  1163 | D        | Reached XP level 9. HP: -16/73 MP: 10/10
  1164 | D        | Noticed a golden dragon
  1165 | D        | Noticed a bone dragon
  1165 | D        | Noticed a cacodemon
  1379 | D        | Killed a cacodemon
  1379 | D        | Reached XP level 10. HP: 36/54 MP: 11/11
  1402 | D        | Noticed a frost giant
  1412 | D        | Killed a frost giant
  1598 | D        | Killed a hell hog
  1598 | D        | Reached skill level 18 in Unarmed Combat
  1623 | D        | Slain by a golden dragon

Skill      XL: |  1  2  3  4  5  6  7  8  9 10 |
---------------+-------------------------------+-----
Fighting       | 6 7 9 10 12 | 12.6
Dodging        | 8 9 11 12 13 14 15 | 15.8
Unarmed Combat | 6 8 9 11 15 16 18 | 18.2
Stealth        | 2 4 8 13 14 | 14.0

Action                   |  1- 3 |  4- 6 |  7- 9 | 10-12 || total
-------------------------+-------+-------+-------+-------++-------
Melee: Unarmed           |     6 |    32 |    68 |    19 ||   125
       Bite              |     3 |     3 |    10 |     3 ||    19
       Punch             |       |     1 |     2 |       ||     3
Invok: Berserk           |     1 |       |     6 |     2 ||     9
       Brothers in Arms  |       |       |       |     2 ||     2
  Use: Scroll            |       |       |     1 |       ||     1
 Stab: Sleeping          |       |     3 |     4 |     1 ||     8
       Distracted        |       |       |     2 |       ||     2
  Eat: Chunk             |       |     3 |     9 |     1 ||    13
Armor: Skin              |       |       |     1 |     3 ||     4
Dodge: Dodged            |     5 |    24 |    49 |    29 ||   107
